 Dungeon Crawl Stone Soup version 0.21.1-1-g345015fe64 (webtiles) character file.

91 Revguard the Firebug (level 4, 0/30 HPs)
             Began as a Demonspawn Fire Elementalist on June 6, 2018.
             Succumbed to an adder's poison
             ... on level 2 of the Dungeon.
             The game lasted 00:07:50 (1344 turns).

Revguard the Firebug (Demonspawn Fire Elementalist) Turns: 1344, Time: 00:07:50

Health: 0/30       AC:  2    Str:  6    XL:     4   Next: 33%
Magic:  1/7        EV: 12    Int: 19    God:
Gold:   94         SH:  0    Dex: 14    Spells: 0/7 levels left

rFire    + . .     SeeInvis .     - Unarmed
rCold    . . .     Gourm    .   (no shield)
rNeg     . . .     Faith    .   m - +0 robe
rPois    .         Spirit   .   (helmet restricted)
rElec    .         Reflect  .   (no cloak)
rCorr    .         Harm     .   (no gloves)
MR       .....                  (no boots)
Stlth    ++........             (no amulet)
HPRegen  0.10/turn              d - ring of fire
MPRegen  0.10/turn              (no ring)

@: lethally poisoned (0 -> -11), hasted, very quick
A: antennae 1, clever 1, cold resistance 1, weak 1, wild magic 1, rot immunity
a: no special abilities


You were on level 2 of the Dungeon.
You were hungry.

You visited 1 branch of the dungeon, and saw 2 of its levels.

You collected 94 gold pieces.

Inventory:

Armour
 a - a +0 robe
 m - a +0 robe (worn)
Jewellery
 d - a ring of fire (left hand)
Scrolls
 e - a scroll of teleportation {unknown}
 i - a scroll of remove curse {unknown}
 k - a scroll of magic mapping {unknown}
 l - a scroll of immolation {unknown}
 n - a scroll of amnesia {unknown}
Potions
 g - a potion of might {unknown}
 h - 4 potions of cancellation
 j - a potion of mutation
 o - a potion of lignification {unknown}
Books
 b - a book of Flames

   Spells                             Type                      Level
   a - Flame Tongue                   Conjuration/Fire             1
   b - Throw Flame                    Conjuration/Fire             2
   c - Conjure Flame                  Conjuration/Fire             3
   d - Inner Flame                    Hexes/Fire                   3
   e - Sticky Flame                   Conjuration/Fire             4
   f - Fireball                       Conjuration/Fire             5
Comestibles
 c - 4 rations


   Skills:
 + Level 2.1 Dodging
 + Level 1.8 Stealth
 * Level 1.4 Unarmed Combat
 + Level 2.4 Spellcasting
 + Level 1.6 Conjurations
 + Level 3.6 Fire Magic


You couldn't memorise any spells.
You knew the following spells:

 Your Spells              Type           Power        Failure   Level  Hunger
a - Flame Tongue          Conj/Fire      ###..        9%          1    #......
b - Throw Flame           Conj/Fire      ###...       13%         2    ##.....
c - Sticky Flame          Conj/Fire      ###.....     56%         4    #####..


Dungeon Overview and Level Annotations

Branches:
Dungeon (2/15)

Altars:
Gozag


Innate Abilities, Weirdness & Mutations

You have a pair of small antennae on your head.
You are immune to rotting.
Your mind is acute. (Int +2)
Your flesh is cold resistant. (rC+)
You are weak. (Str -2)
Your spells are a little harder to cast, but a little more powerful.


Message History

You are more poisoned.
The adder poisons you!
It was a potion of cancellation.
You feel magically purged.
* * * LOW HITPOINT WARNING * * *
You feel sick. The adder closely misses you.
Casting: Flame Tongue
Confirm with . or Enter, or press ? or * to list all spells.
Aiming: Flame Tongue
Press: ? - help, Shift-Dir - straight line, f - adder
Aim: an adder
Okay, then.
It was a potion of mutation.
You feel extremely strange.
You feel weaker.
You feel resistant to cold.
You feel clever.
You feel less in control of your magic.
* * * LOW HITPOINT WARNING * * *
You feel sick. The adder bites you.
* * * LOW HITPOINT WARNING * * *
The adder misses you.
It was a potion of haste.
You feel yourself speed up.
You die...

........# #.#
........# #.#
....$...# #.#
........# #.#
........# #.#
........# #.#
....S...# #.#
#S# #.# #@#
#.# #.# #.#
#.###.#
#..##.#
###.##.####
#.........#
#.........#
###.........#
#...........#


You could see an adder.

Vanquished Creatures
  Jessica (D:2)
  2 adders (D:2)
  An ooze (D:2)
  2 worms (D:2)
  3 dart slugs
  2 leopard geckos (D:1)
  An orc (D:2)
  2 hobgoblins
  3 jackals (D:2)
  3 kobolds (D:1)
  A bat (D:2)
  3 frilled lizards
  3 goblins (D:1)
  4 rats
31 creatures vanquished.

Notes
Turn   | Place    | Note
-------+----------+-------------------------------------------
     0 | D:1      | Revguard the Demonspawn Fire Elementalist began the quest for the Orb.
     0 | D:1      | Reached XP level 1. HP: 13/13 MP: 3/3
    62 | D:1      | Reached skill level 3 in Fire Magic
   110 | D:1      | Gained mutation: You have a pair of small antennae on your head. [demonic ancestry]
   110 | D:1      | Reached XP level 2. HP: 11/19 MP: 0/5
   288 | D:1      | Learned a level 2 spell: Throw Flame
   866 | D:2      | Gained mutation: You are immune to rotting. [demonic ancestry]
   866 | D:2      | Reached XP level 3. HP: 24/24 MP: 1/6
  1007 | D:2      | Noticed Jessica
  1009 | D:2      | Killed Jessica
  1009 | D:2      | Reached skill level 1 in Unarmed Combat
  1133 | D:2      | Reached XP level 4. HP: 30/30 MP: 1/7
  1168 | D:2      | Found an opulent altar of Gozag.
  1217 | D:2      | Learned a level 4 spell: Sticky Flame
  1343 | D:2      | Gained mutation: You are weak. (Str -2) [potion of mutation]
  1343 | D:2      | Gained mutation: Your flesh is cold resistant. (rC+) [potion of mutation]
  1343 | D:2      | Gained mutation: Your mind is acute. (Int +2) [potion of mutation]
  1343 | D:2      | Gained mutation: Your spells are a little harder to cast, but a little more powerful. [potion of mutation]
  1343 | D:2      | HP: 1/30 [adder (3)]
  1344 | D:2      | Succumbed to an adder's poison

Skill      XL: |  1  2  3 |
---------------+----------+-----
Fire Magic     | 3 |  3.6
Dodging        | 2 |  2.1
Unarmed Combat | 1 |  1.4
Stealth        | |  1.8
Spellcasting   | |  2.4
Conjurations   | |  1.6

Action                   |  1- 3 |  4- 6 || total
-------------------------+-------+-------++-------
Melee: Unarmed           |    32 |    10 ||    42
 Cast: Flame Tongue      |    20 |     6 ||    26
       Throw Flame       |    13 |     5 ||    18
  Use: Potion            |       |     3 ||     3
  Eat: Chunk             |     2 |       ||     2
Armor: Robe              |     4 |       ||     4
Dodge: Dodged            |    27 |    11 ||    38
